 Dungeon Crawl Stone Soup version 0.21-a0-538-gd16b88a (webtiles) character file.

8367 Amnesiac the Slinger (level 11, -4/72 HPs)
             Began as a Halfling Fighter on Dec 15, 2017.
             Was a High Priest of Okawaru.
             Splashed by an acid dragon's acid (8 damage)
             ... on level 11 of the Dungeon.
             The game lasted 00:28:16 (11973 turns).

Amnesiac the Slinger (Halfling Fighter)            Turns: 11973, Time: 00:28:17

Health: -4/72      AC: 13    Str: 20    XL:     11   Next: 54%
Magic:  16/16      EV: 13    Int:  6    God:    Okawaru [*****.]
Gold:   650        SH: 11    Dex: 15    Spells: 7/10 levels left

rFire    + . .     SeeInvis .   w - -1 blowgun {cursed}
rCold    . . .     Gourm    .   c - +0 shield
rNeg     . . .     Faith    .   G - +0 plate armour {rF+}
rPois    .         Spirit   .   z - +1 helmet
rElec    .         Reflect  .   A - +0 cloak
rCorr    .         Harm     .   (no gloves)
MR       .....     Clarity  +   q - +0 pair of boots
Stlth    ..........             t - amulet of rage
HPRegen  0.22/turn              h - +3 ring of evasion
MPRegen  0.15/turn              M - ring of flight

@: corroded, flying, slowed, very slow
A: small, clarity, mutation resistance 1, screaming 1
a: Heroism, Finesse, Renounce Religion, Evoke Berserk Rage


You were on level 11 of the Dungeon.
You worshipped Okawaru.
Okawaru was extremely pleased with you.
You were not hungry.

You visited 2 branches of the dungeon, and saw 12 of its levels.

You collected 650 gold pieces.

Inventory:

Hand Weapons
 a - a +0 hunting sling
 b - a +1 dagger of venom
 w - a -1 blowgun (weapon) {cursed}
Missiles
 j - 302 stones
 n - 142 sling bullets
 p - 64 poisoned needles (quivered)
 J - 5 needles of confusion
Armour
 c - a +0 shield (worn)
 q - a +0 pair of boots (worn)
 y - a +1 chain mail of cold resistance
 z - a +1 helmet (worn)
 A - a +0 cloak (worn)
 G - a +0 plate armour of fire resistance (worn)
Jewellery
 h - a +3 ring of evasion (left hand)
 m - an uncursed ring of poison resistance
 t - an amulet of rage (around neck)
 C - an uncursed ring of see invisible
 M - a ring of flight (right hand)
 R - an uncursed ring of wizardry {unknown}
Wands
 v - a wand of acid (2)
 D - a wand of enslavement (16)
 L - a wand of iceblast (8)
 Q - a wand of disintegration (18)
Scrolls
 i - 3 scrolls of blinking {!r}
 o - 3 scrolls of enchant weapon {!r}
 F - 4 scrolls of identify {!r}
 K - 2 scrolls of fog {!r}
 N - 5 scrolls of teleportation {!r}
 P - 3 scrolls of enchant armour {!r}
Potions
 d - a potion of might {!q}
 e - a potion of ambrosia {!q}
 r - 2 potions of mutation {!q}
 s - 2 potions of heal wounds {!q, unknown}
 x - 2 potions of flight {!q}
 B - a potion of curing {!q}
 E - a potion of brilliance {!q}
 H - a potion of agility {!q, unknown}
 I - a potion of invisibility {!q}
 O - a potion of cancellation {!q, unknown}
Books
 g - a book of Air

   Spells                             Type                      Level
   a - Shock                          Conjuration/Air              1
   b - Swiftness                      Charms/Air                   2
   c - Static Discharge               Conjuration/Air              3
   d - Airstrike                      Air                          4
   e - Lightning Bolt                 Conjuration/Air              5
 S - a book of Maledictions

   Spells                             Type                      Level
   a - Corona                         Hexes                        1
   b - Ensorcelled Hibernation        Hexes/Ice                    2
   c - Confuse                        Hexes                        3
   d - Tukima's Dance                 Hexes                        3
   e - Dazzling Spray                 Conjuration/Hexes            3
Comestibles
 f - 5 bread rations
 k - 12 fruits
 l - 9 meat rations
 u - 7 royal jellies


   Skills:
 * Level 6.0 Fighting
 - Level 7.9 Short Blades
 + Level 12.8 Slings
 * Level 6.8 Armour
 * Level 6.7 Dodging
 * Level 6.7 Shields
 + Level 6.7 Invocations


You had 7 spell levels left.
You knew the following spells:

 Your Spells              Type           Power        Failure   Level  Hunger
a - Summon Butterflies    Summ           #.......     100%        1    ##.....
b - Summon Small Mammal   Summ           #...         100%        1    ##.....
z - Confusing Touch       Hex            #.....       100%        1    ##.....


Dungeon Overview and Level Annotations

Branches:
Dungeon (11/15)            Temple (1/1) D:4
   Lair: D:8-11         Orc: D:9-12

Altars:
Cheibriados
Dithmenos
Elyvilon
Fedhas
Gozag
Hepliaklqana
Kikubaaqudgha
Makhleb
Nemelex Xobeh
Okawaru
Qazlal
Ru
Sif Muna
Trog
Uskayaw
Vehumet
Wu Jian
Xom
Yredelemnul
Zin
The Shining One

Annotations:
D:11 Gastronok


Innate Abilities, Weirdness & Mutations

You are small and have problems with some larger weapons.
You are somewhat resistant to further mutation.
You possess an exceptional clarity of mind.
You occasionally shout uncontrollably at your foes.


Message History

Press: ? - help, Shift-Dir - straight line, f/p - Gastronok
Aim: Gastronok, wearing a runed hat (moderately wounded, poisoned)
You shoot a poisoned needle. The poisoned needle hits Gastronok!
Gastronok looks even sicker.
Gastronok is moderately wounded.
Gastronok casts a spell at you.
You barely resist.
Firing (i - inventory. (,) - cycle):
p - 66 poisoned needles (quivered)
Press: ? - help, Shift-Dir - straight line, f/p - Gastronok
Aim: Gastronok, wearing a runed hat (moderately wounded, poisoned)
You shoot a poisoned needle. The poisoned needle hits Gastronok.
Gastronok is moderately wounded.
Gastronok makes a strange noise.
Firing (i - inventory. (,) - cycle):
p - 65 poisoned needles (quivered)
Press: ? - help, Shift-Dir - straight line, f/p - Gastronok
Aim: Gastronok, wearing a runed hat (moderately wounded, poisoned)
You shoot a poisoned needle. The poisoned needle hits Gastronok!
Gastronok looks as sick as possible!
Gastronok is moderately wounded.
Gastronok's eyestalks stretch out, then return to normal size.
An acid dragon comes into view.
The acid dragon roars!
Evoke which item? (* to show all) (? for menu, Esc to quit)
Aiming: Enslavement
Press: ? - help, Shift-Dir - straight line, f - acid dragon
Aim: an acid dragon (chance to defeat MR: 46%)
The acid dragon resists with some effort.
The acid dragon misses you. x2
The acid dragon spits acid at you. The splash of acid hits you!
The acid corrodes you!
You are splashed with acid!
The acid burns!
* * * LOW HITPOINT WARNING * * *
Evoke which item? (* to show all) (? for menu, Esc to quit)
Aiming: Enslavement
Press: ? - help, Shift-Dir - straight line, f/p - acid dragon
Aim: an acid dragon (catching its breath, chance to defeat MR: 46%)
The acid dragon resists with some effort.
The acid dragon spits acid at you. The splash of acid hits you!
* * * LOW HITPOINT WARNING * * *
You are splashed with acid!
The acid burns!
* * * LOW HITPOINT WARNING * * *
Okay, then.
Okay, then.
Okay, then.
Okay, then.
Really quaff
x - 3 metallic white potions {!q}?
Okay, then.
Really quaff
r - 3 ruby potions {!q}?
Okay, then.
Really quaff
r - 3 ruby potions {!q}?
It was a potion of mutation {!q}.
You feel extremely strange.
Your talons dull and shrink into feet.
Your magic regains its normal vibrancy.
You feel the urge to shout. The acid dragon barely misses you.
The acid dragon claws you but does no damage.
The acid dragon closely misses you. You block the acid dragon's attack.
Really quaff
x - 3 metallic white potions {!q}?
It was a potion of flight {!q}.
You feel very buoyant.
You fly up into the air.
The acid dragon spits acid at you. The splash of acid hits you!
You are splashed with acid!
The acid burns!
You die...

#....# ####.#
#.# #=#
##########(##
#........w..#
#.###.#######
#...#...
###@#####
#.D.# #.###
#. #


You could see an acid dragon.

Vanquished Creatures
  A two-headed ogre (D:8)
  The ghost of anet the Vexing, a novice DEWz (D:6)
  2 ugly things
  The ghost of anet the Magician, a novice DEWz of Ashenzari (D:5)
  A troll (D:8)
  Grinder (D:5)
  Prince Ribbit (D:5)
  A wyvern (D:10)
  2 hogs (D:7)
  A hungry ghost (D:7)
  7 yaks
  A human (D:7)
  Duvessa (D:6)
  The ghost of anet the Magician, an amateur DEWz (D:4)
  A black bear (D:4)
  A hornet zombie (D:11)
  4 ice beasts
  5 orc warriors
  A sky beast (D:8)
  4 ogres
  A centaur (D:9)
  A big kobold (D:8)
  6 bullfrogs
  A gnoll sergeant (D:9)
  Dowan (D:6)
  A water moccasin skeleton (D:7)
  A scorpion (D:6)
  3 killer bees (D:6)
  4 electric eels
  A centaur zombie (D:9)
  A bullfrog zombie (D:9)
  7 crimson imps
  A quasit (D:8)
  3 hounds
  4 orc priests
  Crazy Yiuf (D:3)
  A gnoll shaman (D:5)
  A bullfrog skeleton (D:5)
  2 centaur skeletons
  Terence (D:3)
  4 iguanas
  9 orc wizards
  8 worker ants
  Robin (D:3)
  17 gnolls
  5 adders
  2 shadow imps
  5 worms
  A dart slug (D:1)
  5 leopard geckos
  40 orcs
  4 giant cockroaches
  21 goblins
  8 hobgoblins
  16 jackals
  25 kobolds
  3 quokkas
  7 bats
  11 frilled lizards
  A jackal skeleton (D:4)
  2 leopard gecko skeletons (D:4)
  5 rats
  A plant (D:7)
281 creatures vanquished.

Vanquished Creatures (others)
  A shadow imp (D:7)
  12 fungi (D:11)
13 creatures vanquished.

Grand Total: 294 creatures vanquished

Notes
Turn   | Place    | Note
-------+----------+-------------------------------------------
     0 | D:1      | Amnesiac the Halfling Fighter began the quest for the Orb.
     0 | D:1      | Reached XP level 1. HP: 15/15 MP: 1/1
    94 | D:1      | Reached skill level 1 in Dodging
   220 | D:1      | Reached XP level 2. HP: 20/20 MP: 2/2
   475 | D:1      | Reached XP level 3. HP: 25/25 MP: 3/3
  1286 | D:2      | Reached XP level 4. HP: 30/30 MP: 4/4
  1963 | D:3      | Found a faded altar of an unknown god.
  2056 | D:3      | Noticed Robin
  2073 | D:3      | Reached XP level 5. HP: 31/36 MP: 5/5
  2105 | D:3      | Killed Robin
  2312 | D:3      | Found a sacrificial altar of Ru.
  2403 | D:3      | Noticed Terence
  2422 | D:3      | Killed Terence
  2423 | D:3      | Found a bloodstained altar of Trog.
  2445 | D:3      | Found a deep blue altar of Sif Muna.
  2445 | D:3      | Found a shimmering altar of Xom.
  2447 | D:3      | Found an iron altar of Okawaru.
  2447 | D:3      | Found a hazy altar of Hepliaklqana.
  2447 | D:3      | Found a burning altar of Makhleb.
  2740 | D:3      | Found a runed door.
  2866 | D:3      | Noticed Crazy Yiuf
  2882 | D:3      | Killed Crazy Yiuf
  2882 | D:3      | Reached XP level 6. HP: 42/42 MP: 6/6
  2954 | D:4      | Found an ancient bone altar of Kikubaaqudgha.
  2992 | D:4      | Found a glowing golden altar of the Shining One.
  3052 | D:4      | Noticed anet's ghost (amateur DEWz)
  3078 | D:4      | Noticed a black bear
  3086 | D:4      | Killed a black bear
  3086 | D:4      | Reached skill level 2 in Slings
  3231 | D:4      | Found a staircase to the Ecumenical Temple.
  3244 | Temple   | Entered the Ecumenical Temple
  3279 | Temple   | Became a worshipper of Warmaster Okawaru
  3385 | D:4      | Killed anet's ghost
  3385 | D:4      | Reached skill level 3 in Slings
  3385 | D:4      | Reached XP level 7. HP: 48/48 MP: 7/7
  3503 | D:4      | Reached skill level 4 in Slings
  4191 | D:5      | Entered Level 5 of the Dungeon
  4220 | D:5      | Noticed anet's ghost (novice DEWz)
  4246 | D:5      | Killed anet's ghost
  4246 | D:5      | Reached * piety under Okawaru
  4246 | D:5      | Reached skill level 5 in Short Blades
  4246 | D:5      | Reached skill level 6 in Slings
  4246 | D:5      | Reached XP level 8. HP: 54/54 MP: 8/8
  4418 | D:5      | Reached skill level 1 in Invocations
  4423 | D:5      | Reached skill level 7 in Slings
  4555 | D:5      | Found a glowing silver altar of Zin.
  4596 | D:5      | Noticed Grinder
  4606 | D:5      | Paralysed by Grinder for 5 turns
  4628 | D:5      | Killed Grinder
  4656 | D:5      | Reached skill level 8 in Slings
  4888 | D:6      | Reached ** piety under Okawaru
  4919 | D:6      | Noticed Prince Ribbit
  4978 | D:5      | Killed Prince Ribbit
  5092 | D:6      | Noticed anet's ghost (novice DEWz)
  5102 | D:6      | Reached skill level 9 in Slings
  5102 | D:6      | Reached XP level 9. HP: 33/58 MP: 11/11
  5397 | D:6      | Noticed Duvessa
  5405 | D:6      | Noticed Dowan
  5421 | D:6      | Killed Duvessa
  5421 | D:6      | Killed Dowan
  5449 | D:6      | Reached skill level 10 in Slings
  5909 | D:6      | Found a sparkling altar of Nemelex Xobeh.
  6137 | D:6      | Killed anet's ghost
  6137 | D:6      | Reached *** piety under Okawaru
  6137 | D:6      | Reached skill level 11 in Slings
  6137 | D:6      | Reached skill level 5 in Invocations
  6386 | D:7      | Reached XP level 10. HP: 61/63 MP: 13/13
  6497 | D:7      | Found a bloodstained altar of Trog.
  6552 | D:7      | Found a radiant altar of Vehumet.
  6801 | D:7      | Found a basalt altar of Yredelemnul.
  7318 | D:7      | Reached skill level 12 in Slings
  7344 | D:7      | Found a deep blue altar of Sif Muna.
  7560 | D:7      | Received a gift from Okawaru
  7587 | D:7      | Reached **** piety under Okawaru
  7731 | D:8      | Learned a level 1 spell: Summon Butterflies
  7749 | D:8      | Got a dazzling quarterstaff
  8144 | D:8      | Reached skill level 5 in Armour
  8144 | D:8      | Reached skill level 5 in Dodging
  8144 | D:8      | Reached skill level 5 in Shields
  8380 | D:8      | Found a stormy altar of Qazlal.
  8414 | D:8      | Learned a level 1 spell: Confusing Touch
  8416 | D:8      | Learned a level 1 spell: Summon Small Mammal
  8463 | D:8      | Noticed a white ugly thing
  8867 | D:8      | Noticed a two-headed ogre
  8879 | D:8      | Killed a two-headed ogre
  8879 | D:8      | Reached skill level 5 in Fighting
  9168 | D:8      | Reached ***** piety under Okawaru
  9179 | D:8      | Received a gift from Okawaru
  9179 | D:8      | Reached XP level 11. HP: 34/72 MP: 15/15
  9608 | D:7      | Killed a white ugly thing
  9707 | D:7      | Gained mutation: You possess an exceptional clarity of mind. [mutagenic meat]
  9708 | D:7      | Gained mutation: Your spells are a little easier to cast, but a little less powerful. [mutagenic meat]
  9709 | D:7      | Gained mutation: You have sharp toenails. [mutagenic meat]
  9983 | D:8      | Received a gift from Okawaru
 10948 | D:9      | Found a hide-covered altar of Uskayaw.
 11323 | D:10     | Entered Level 10 of the Dungeon
 11843 | D:11     | Noticed a green ugly thing
 11858 | D:11     | Killed a green ugly thing
 11858 | D:11     | Received a gift from Okawaru
 11908 | D:11     | Noticed Gastronok
 11971 | D:11     | HP: 3/72 [acid (12)]
 11972 | D:11     | Lost mutation: You have sharp toenails. [potion of mutation]
 11972 | D:11     | Lost mutation: Your spells are a little easier to cast, but a little less powerful. [potion of mutation]
 11972 | D:11     | Gained mutation: You occasionally shout uncontrollably at your foes. [potion of mutation]
 11973 | D:11     | Splashed by an acid dragon's acid

Vault maps used:
D:1:      dpeg_arrival_round_a, minmay_lizard_pond
D:3:      doesnt_xom_only_xom, nicolae_ru_path_of_blood, first_bread,
          serial_curves, eino_curves_02, eino_curves_04, eino_curves_01,
          eino_curves_02, chequers_ecumenical_altar_simple,
          uniq_crazy_yiuf_cottage, uniq_robin, uniq_terence
D:4:      black_bear_nest_1, kennysheep_little_box, kennysheep_mini_moat,
          minmay_temple_entry_statues_fountains
D:5:      zin_academy, uniq_grinder
D:6:      nemelex_xobeh_ov_fountains_minmay, uniq_prince_ribbit1, uniq_duvessa
D:7:      fiery_altar_vehumet, bloody_trog, lemuel_crystal_altar,
          old_standard_altar, grunt_livestock, serial_bayou_lagoon_a
D:8:      nicolae_qazlal_general_emergency
D:9:      kennysheep_mini, minmay_door_square, grunt_decor_mini_mirrors,
          serial_bayou_lake_a
D:10:     moated_statue
D:11:     due_lair_maze_entry_diamond, basic_altar, serial_shops, shop, shop,
          uniq_erica, uniq_gastronok, uniq_erolcha
Temple:   compressed_dpeg_circular_temple

Skill      XL: |  1  2  3  4  5  6  7  8  9 10 11 |
---------------+----------------------------------+-----
Dodging        | 1 2 3 4 5 6 |  6.7
Fighting       | 3 4 5 6 |  6.0
Shields        | 4 5 6 |  6.7
Armour         | 4 5 6 |  6.8
Short Blades   | 4 5 6 7 |  7.9
Slings         | 3 6 9 11 12 | 12.8
Invocations    | 3 5 6 |  6.7

Action                   |  1- 3 |  4- 6 |  7- 9 | 10-12 || total
-------------------------+-------+-------+-------+-------++-------
Melee: Rapier            |   131 |   141 |       |       ||   272
       Dagger            |       |   182 |   435 |   720 ||  1337
 Fire: Hunting sling     |       |       |       |   193 ||   193
       Blowgun           |       |       |       |    10 ||    10
Evoke: Wand              |       |       |     7 |     8 ||    15
  Use: Scroll            |       |     8 |       |    10 ||    18
       Potion            |       |     1 |     1 |     2 ||     4
  Eat: Chunk             |     1 |     8 |    12 |    18 ||    39
       Bread ration      |       |       |     1 |       ||     1
       Royal jelly       |       |       |       |     1 ||     1
       Fruit             |       |       |       |     1 ||     1
Armor: Scale mail        |    36 |    50 |       |       ||    86
       Chain mail        |       |    30 |   107 |    32 ||   169
       Skin              |       |    18 |     2 |       ||    20
       Plate armour      |       |       |       |   141 ||   141
Dodge: Dodged            |    80 |   143 |   119 |   203 ||   545
Block: Shield            |    75 |   187 |   147 |   325 ||   734

Table legend:
 A = Spawn XP
 B = Non-spawn XP
 C = Spawn XP percentage of total XP
 D = Spawn monster count
 E = Non-spawn monster count
 F = Spawn count percentage of total count
 G = Total turns spent on level
                    A         B        C        D         E        F      G
               +---------+---------+-------+---------+---------+-------+---------
         Total |       0 |   11954 |   0.0 |       0 |     279 |   0.0 | 11973
               +---------+---------+-------+---------+---------+-------+---------
           D:1 |       0 |      52 |   0.0 |       0 |      30 |   0.0 |  1186
           D:2 |       0 |      72 |   0.0 |       0 |      29 |   0.0 |   773
           D:3 |       0 |     152 |   0.0 |       0 |      28 |   0.0 |   973
           D:4 |       0 |     462 |   0.0 |       0 |      30 |   0.0 |  1206
           D:5 |       0 |    1203 |   0.0 |       0 |      19 |   0.0 |   973
           D:6 |       0 |    1766 |   0.0 |       0 |      21 |   0.0 |  1239
           D:7 |       0 |    1875 |   0.0 |       0 |      23 |   0.0 |  1888
           D:8 |       0 |    2751 |   0.0 |       0 |      49 |   0.0 |  1838
           D:9 |       0 |    2262 |   0.0 |       0 |      42 |   0.0 |  1194
          D:10 |       0 |     638 |   0.0 |       0 |       6 |   0.0 |   520
          D:11 |       0 |     721 |   0.0 |       0 |       2 |   0.0 |   130
               +---------+---------+-------+---------+---------+-------+---------
